 Dungeon Crawl Stone Soup version 0.28.0-45-g0d030f2227 (webtiles) character file.

Game seed: 7618837605633859423

1810 dohliylev the Covert (level 8, -10/37 HPs)
             Began as a Spriggan Enchanter on May 10, 2022.
             Was a Believer of Okawaru.
             Mangled by Menkaure (11 damage)
             ... on level 6 of the Dungeon.
             The game lasted 00:27:19 (8327 turns).

dohliylev the Covert (Spriggan Enchanter)           Turns: 8327, Time: 00:27:19

Health: -10/37     AC:  3    Str: 11    XL:     8   Next: 84%
Magic:  16/18      EV: 18    Int: 18    God:    Okawaru [**....]
Gold:   288        SH:  0    Dex: 16    Spells: 6/19 levels left

rFire   . . .      SeeInvis +   a - +1 dagger (freeze)
rCold   + . .      Faith    +   (no shield)
rNeg    . . .      Spirit   .   t - +1 robe "Jamil" {Will++ Str+3}
rPois   .          Reflect  .   (helmet restricted)
rElec   .          Harm     .   (no cloak)
rCorr   .          Rampage  .   (gloves unavailable)
Will    +++..                   (boots unavailable)
Stlth   +++++.....              b - amulet of Jaetafy {Faith rC+ Str+4}
HPRegen 0.12/turn               (no ring)
MPRegen 0.16/turn               (no ring)

@: very quick
A: very small, no large weapons, unfitting armour, see invisible, speed 3
a: Renounce Religion, Heroism


You were on level 6 of the Dungeon.
You worshipped Okawaru.
Okawaru was pleased with you.
You visited 2 branches of the dungeon, and saw 7 of its levels.

You collected 288 gold pieces.

Inventory:

Hand Weapons
 a - a +1 dagger of freezing (weapon)
Armour
 t - the +1 robe "Jamil" (worn) {Will++ Str+3}
   (You found it on level 5 of the Dungeon)

   Str:       It affects your strength (+3).
   Will:      It greatly increases your willpower.
 v - a +0 robe of fire resistance
Jewellery
 b - the amulet of Jaetafy (around neck) {Faith rC+ Str+4}
   (You found it on level 5 of the Dungeon)

   [amulet of faith]

   It allows you to gain divine favour quickly.
   Str:       It affects your strength (+4).
   rC:        It protects you from cold.
Scrolls
 e - 2 scrolls of brand weapon
 f - a scroll of noise {unknown}
 l - a scroll of summoning {unknown}
 n - a scroll of torment {unknown}
 o - a scroll of silence {unknown}
 r - a scroll of fear
 s - 2 scrolls of identify {unknown}
 u - a scroll of blinking {unknown}
Potions
 c - a potion of invisibility
 d - a potion of curing {unknown}
 g - a potion of berserk rage {unknown}
 h - 3 potions of ambrosia {unknown}
 i - a potion of degeneration {unknown}
 j - a potion of cancellation {unknown}
 k - 4 potions of mutation {unknown}
 m - 2 potions of heal wounds {unknown}
 p - a potion of might {unknown}
 q - a potion of lignification {unknown}


   Skills:
 + Level 1.5 Fighting
 + Level 4.0 Short Blades
 + Level 3.6 Dodging
 + Level 10.6 Stealth
 - Level 6.0 Spellcasting
 + Level 7.5 Hexes
 + Level 0.3 Necromancy
 + Level 3.3 Ice Magic


You had 6 spell levels left.
You knew the following spells:

 Your Spells              Type           Power      Damage    Failure   Level
a - Ensorcelled Hibernat  Hex/Ice        50%        N/A       1%          2
b - Confusing Touch       Hex            32%        N/A       1%          3
c - Tukima's Dance        Hex            32%        N/A       1%          3
d - Sublimation of Blood  Necr           6%         N/A       16%         2
e - Dazzling Flash        Conj/Hex       36%        N/A       8%          3

Your spell library contained the following spells:

 Spells                   Type           Power      Damage    Failure   Level
 Ozocubu's Armour         Ice            17%        N/A       9%          3
 Pain                     Necr           24%        1d5       11%         1
 Wereblood                Tmut           5%         N/A       19%         2
 Metabolic Englaciation   Hex/Ice        12%        N/A       34%         5
 Agony                    Necr           6%         N/A       96%         5
 Excruciating Wounds      Necr           3%         N/A       96%         5
 Simulacrum               Ice/Necr       Unusable   N/A       N/A         6
 Summon Hydra             Summ           Unusable   N/A       N/A         7

Dungeon Overview and Level Annotations

Branches:
Dungeon (6/15)             Temple (1/1) D:4

Altars:
Ashenzari
Cheibriados
Elyvilon
Fedhas
Hepliaklqana
Kikubaaqudgha
Makhleb
Nemelex Xobeh
Okawaru
Qazlal
Ru
Sif Muna
Uskayaw
Vehumet
Wu Jian
Xom
Zin
The Shining One

Shops:
D:4 [

Annotations:
D:4 exclusion: statue
D:6 Menkaure


Innate Abilities, Weirdness & Mutations

You are very small and have problems with some larger weapons.
You are too small for most types of armour.
You have supernaturally acute eyesight. (SInv)
You cover ground extremely quickly. (Speed+++)


Message History

The helpless jelly fails to defend itself.
You stick the jelly like a pincushion!!!
You freeze the jelly.
You kill the jelly!
Okawaru accepts your kill.
Found a scroll labelled JULIDIWAME.
s - 2 scrolls labelled JULIDIWAME (gained 1)
You hear the rusting of a very distant drain.
There is an open door here.
There is an open door here.
You see here a +0 short sword.
Menkaure, Prince of Dust comes into view.
Menkaure shouts!
Found 2 boomerangs.
Casting: Ensorcelled Hibernation (safe; 1% risk of failure)
Confirm with . or Enter, or press ? or * to list all spells.
You cannot coerce anything to obey you.
Unknown command.
Casting: Ensorcelled Hibernation (safe; 1% risk of failure)
Confirm with . or Enter, or press ? or * to list all spells.
Your hands begin to glow red.
A gnoll comes into view. It is wielding a +0 spear.
Found a dagger.
Menkaure calls on the powers of darkness!
Your body is wracked with pain!
The gnoll convulses!
You hit Menkaure but do no damage.
Menkaure appears confused.
You hit Menkaure.
Menkaure is lightly damaged.
Casting: Confusing Touch (safe; 1% risk of failure)
Confirm with . or Enter, or press ? or * to list all spells.
Okay, then.
The gnoll throws a throwing net.
The throwing net hits you.
You become entangled in the net!
You see here a throwing net.
You tear a large gash into the net.
Menkaure hits you!!
Ouch! That really hurt!
* * * LOW HITPOINT WARNING * * *
You struggle against the net.
You rip the net and break free!
Menkaure hits you!
You die...

#.# #. #+# #.# #. #.#
#.# #. #.# #.# #.
##.## #.# ## ##...##
########.# #.....#
#........#
#####...####.########
..(...g.@.....#
#######M####### #.#
#.# #.# #)# #.. #.


You could see Menkaure (confused) and a gnoll.

Vanquished Creatures
  Sigmund (D:3)
  A necrophage (D:6)
  2 ogres
  3 centaurs
  A phantom (D:6)
  Blork the orc (D:6)
  A gnoll sergeant (D:5)
  6 scorpions
  A water moccasin zombie (D:5)
  A water moccasin skeleton (D:4)
  2 hounds
  A jelly (D:6)
  A scorpion zombie (D:5)
  Natasha (twice) (D:3)
  4 iguanas
  A killer bee zombie (D:4)
  2 hound zombies
  2 hound skeletons (D:4)
  5 gnolls (D:5)
  6 adders
  3 adder skeletons
  A dart slug (D:1)
  5 orcs
  4 endoplasms
  2 giant cockroaches
  8 goblins
  7 hobgoblins
  4 kobolds
  5 quokkas
  4 ball pythons
  4 bats
  4 rats (D:1)
95 creatures vanquished.

Vanquished Creatures (others)
  A dancing weapon (D:4)
  2 plants (D:4)
3 creatures vanquished.

Grand Total: 98 creatures vanquished

Notes
Turn   | Place    | Note
-------+----------+-------------------------------------------
     0 | D:1      | dohliylev the Spriggan Enchanter began the quest for the
                  | Orb.
     0 | D:1      | Reached XP level 1. HP: 9/9 MP: 5/5
   667 | D:1      | Reached XP level 2. HP: 7/13 MP: 6/6
   670 | D:1      | Learned a level 2 spell: Ensorcelled Hibernation
  1114 | D:1      | Found a faded altar of an unknown god.
  1297 | D:1      | Reached skill level 5 in Stealth
  1914 | D:2      | Reached XP level 3. HP: 12/16 MP: 5/8
  3340 | D:3      | Learned a level 3 spell: Confusing Touch
  3344 | D:3      | Learned a level 3 spell: Tukima's Dance
  3358 | D:3      | Reached XP level 4. HP: 21/21 MP: 9/9
  3430 | D:3      | Noticed an ogre
  3454 | D:3      | Killed an ogre
  3455 | D:3      | Reached skill level 6 in Stealth
  3455 | D:3      | Reached XP level 5. HP: 24/24 MP: 3/11
  3570 | D:3      | Noticed Sigmund
  3600 | D:3      | Killed Sigmund
  3601 | D:3      | Reached skill level 7 in Stealth
  3601 | D:3      | Reached skill level 1 in Ice Magic
  3601 | D:3      | Reached XP level 6. HP: 24/29 MP: 3/13
  3709 | D:3      | Reached skill level 8 in Stealth
  3743 | D:3      | Noticed Natasha
  3746 | D:3      | Killed Natasha
  4163 | D:4      | Reached skill level 5 in Hexes
  4244 | D:3      | Noticed Natasha
  4253 | D:3      | Killed Natasha
  4895 | D:4      | Reached skill level 1 in Fighting
  4895 | D:4      | Reached XP level 7. HP: 9/33 MP: 8/14
  5386 | D:4      | Found a sparkling altar of Nemelex Xobeh.
  5508 | D:4      | Found Avaitwuo's Armour Emporium.
  5520 | D:4      | Reached skill level 5 in Spellcasting
  5565 | D:4      | Learned a level 2 spell: Sublimation of Blood
  5569 | D:4      | Learned a level 3 spell: Dazzling Flash
  5571 | D:4      | Found a staircase to the Ecumenical Temple.
  5745 | Temple   | Entered the Ecumenical Temple
  5920 | Temple   | Became a worshipper of Warmaster Okawaru
  6118 | D:4      | Found a radiant altar of Vehumet.
  6483 | D:5      | Entered Level 5 of the Dungeon
  6838 | D:5      | Reached XP level 8. HP: 19/37 MP: 9/18
  7146 | D:5      | Reached * piety under Okawaru
  7261 | D:5      | Identified the +1 robe "Jamil" {Will++ Str+3}
  7290 | D:5      | Reached skill level 9 in Stealth
  7291 | D:5      | Identified the amulet of Jaetafy {Faith rC+ Str+4}
  7971 | D:6      | Noticed Blork the orc
  7994 | D:6      | Reached skill level 10 in Stealth
  8074 | D:6      | Killed Blork the orc
  8125 | D:6      | Reached ** piety under Okawaru
  8316 | D:6      | Noticed Menkaure
  8325 | D:6      | HP: 1/37 [Menkaure (20)]
  8327 | D:6      | Mangled by Menkaure

Illustrated notes

Levels and vault maps discovered:
D:1:      psy_arrival_whirlpool, layout_loops_ring,
          hellmonk_ecumenical_altar_pennies_from_heaven, serial_bayou_crossing
D:2:      layout_loops_cross
D:3:      layout_loops_ring, minmay_misc_feat_columns, uniq_sigmund,
          uniq_natasha
D:4:      layout_loops_cross, vehumet_statue, nemelex_diamond_rough_becter,
          minmay_temple_entry_overgrown, serial_shops,
          nicolae_shop_advertising_works [nicolae_subvault_shop_adworks]
D:5:      layout_rooms
D:6:      layout_loops_corners, portal_sewer_entry_d, uniq_menkaure,
          uniq_crazy_yiuf_cottage, uniq_blork_the_orc
Temple:   regret_index_temple_sphere_string

Skill      XL: |  1  2  3  4  5  6  7  8 |
---------------+-------------------------+-----
Hexes          | 4 5 6 7 |  7.5
Spellcasting   | 3 4 6 |  6.0
Stealth        | 5 6 7 8 10 | 10.6
Short Blades   | 2 3 4 |  4.0
Ice Magic      | 1 2 3 |  3.3
Dodging        | 3 |  3.6
Fighting       | 1 |  1.5
Necromancy     | |  0.3

Action                   |  1- 3 |  4- 6 |  7- 9 || total
-------------------------+-------+-------+-------++-------
Melee: Dagger            |    65 |    61 |   122 ||   248
       Punch             |       |     2 |     2 ||     4
 Cast: Ensorcelled Hiber |    43 |    21 |    41 ||   105
       Confusing Touch   |       |     7 |    12 ||    19
       Sublimation of Bl |       |       |     3 ||     3
       Tukima's Dance    |       |       |     2 ||     2
  Use: Scroll            |       |       |     2 ||     2
 Stab: Sleeping          |    29 |    14 |    28 ||    71
       Confused          |       |     3 |    12 ||    15
       Distracted        |       |       |     1 ||     1
Armor: Robe              |     2 |     3 |     3 ||     8
Dodge: Dodged            |    36 |    36 |    51 ||   123
